 Dungeon Crawl Stone Soup version 0.30.1-9-gdf580d7c3d (webtiles) character file.

Game seed: 3743113443790202629

334 Cheops the Caller (level 6, 0/45 HPs)
             Began as a Draconian Summoner on Sept 24, 2023.
             Slain by Edmund
             ... wielding a +5 heavy dire flail
              (23 damage)
             ... on level 4 of the Dungeon.
             The game lasted 00:09:44 (3758 turns).

Cheops the Caller (Draconian Summoner)              Turns: 3758, Time: 00:09:44

Health: 0/45       AC:  7    Str: 10    XL:     6   Next: 27%
Magic:  1/10       EV: 12    Int: 17    God:
Gold:   178        SH:  0    Dex: 12    Spells: 1/11 levels left

rFire   . . .        o - +0 mace (spect)
rCold   . . .        (no shield)
rNeg    . . .        (body armour unavailable)
rPois   .            (helmet restricted)
rElec   .            (no cloak)
rCorr   .            (no gloves)
SInv    .            g - +0 pair of boots
Will    +....        (no amulet)
Stlth   ++           b - ring of flight
HPRegen 0.27/turn    t - ring of willpower
MPRegen 0.12/turn

%: no passive effects
@: flying, very slightly contaminated
A: AC +6, unfitting armour, cold-blooded
a: no special abilities


You were on level 4 of the Dungeon.
You visited 1 branch of the dungeon, and saw 4 of its levels.

You collected 178 gold pieces.

Inventory:

Hand Weapons
 o - a +0 spectral mace (weapon)
Armour
 g - a +0 pair of boots (worn)
Jewellery
 b - a ring of flight (left hand)
 t - a ring of willpower (right hand)
Wands
 q - a wand of flame (13)
Scrolls
 d - 3 scrolls of poison {unknown}
 e - 3 scrolls of blinking {unknown}
 h - a scroll of immolation
 i - a scroll of brand weapon
 j - a scroll of enchant weapon
 k - a scroll of fog
 n - a scroll of vulnerability {unknown}
 r - a scroll of teleportation {unknown}
 u - a scroll of noise {unknown}
Potions
 a - 3 potions of magic
 c - a potion of ambrosia {unknown}
 f - a potion of might {unknown}
 l - 3 potions of curing {unknown}
 m - 2 potions of heal wounds {unknown}
 p - a potion of attraction {unknown}
 s - a potion of haste {unknown}


   Skills:
 - Level 1.7 Dodging
 - Level 1.7 Stealth
 - Level 3.0 Spellcasting
 + Level 6.6 Summonings
 * Level 2.5 Air Magic


You had one spell level left.
You knew the following spells:

 Your Spells              Type           Power      Damage    Failure   Level
a - Summon Lightning Spi  Summ/Air       18%        N/A       26%         4
C - Call Canine Familiar  Summ           24%        N/A       3%          3
I - Call Imp              Summ           48%        N/A       1%          2
M - Summon Small Mammal   Summ           96%        N/A       1%          1

Your spell library contained the following spells:

 Spells                   Type           Power      Damage    Failure   Level
 Apportation              Tloc           4%         N/A       17%         1
 Magic Dart               Conj           8%         1d3       17%         1
 Summon Guardian Golem    Hex/Summ       13%        N/A       14%         3
 Swiftness                Air            11%        N/A       19%         3
 Ensorcelled Hibernation  Hex/Ice        4%         N/A       26%         2
 Passwall                 Tmut/Erth      1%         N/A       26%         2
 Mephitic Cloud           Conj/Pois/Air  5%         N/A       36%         3
 Ozocubu's Armour         Ice            2%         N/A       45%         3
 Alistair's Intoxication  Tmut/Pois      1%         N/A       99%         5
 Borgnjor's Vile Clutch   Necr/Erth      1%         N/A       99%         5
 Iskenderun's Battlesphe  Conj           2%         2d6       99%         5
 Eringya's Noxious Bog    Tmut/Pois      1%         N/A       100%        6
 Iron Shot                Conj/Erth      1%         9d1       100%        6
 Ozocubu's Refrigeration  Ice            1%         4d7       100%        7
 Spellforged Servitor     Conj/Summ      6%         N/A       100%        7


Dungeon Overview and Level Annotations

Branches:
Dungeon (4/15)
 Temple: D:4-7

Altars:
Elyvilon
Gozag
Okawaru

Annotations:
D:4 Edmund


Innate Abilities, Weirdness & Mutations

Your plain brown scales are hard. (AC +6)
You cannot fit into any form of body armour.
You are cold-blooded and may be slowed by cold attacks.


Message History

t - Shout!
Orders for allies: a - Attack new target. r - Retreat! s - Stop attacking. g - Guard the area. f - Follow me.
Anything else - Cancel.
You shout for attention!
Edmund shouts!
There is an open door here.
Casting: Call Canine Familiar (dangerous; 3% risk of failure)
Confirm with . or Enter, or press ? or * to list all spells.
Casting: Call Canine Familiar (dangerous; 3% risk of failure)
Confirm with . or Enter, or press ? or * to list all spells.
You miscast Call Imp.
You are very lightly contaminated with residual magic.
Nothing appears to happen.
Casting: Call Imp (safe; 1% risk of failure)
Confirm with . or Enter, or press ? or * to list all spells.
Your hound disappears in a puff of smoke!
Casting: Call Canine Familiar (dangerous; 3% risk of failure)
Confirm with . or Enter, or press ? or * to list all spells.
A tiny devil pulls itself out of the air.
Your hound bites Edmund but does no damage.
Edmund hits you with a +5 heavy dire flail!!
* * * LOW HITPOINT WARNING * * *
Your cerulean imp barely misses Edmund.
Your hound bites Edmund but does no damage.
You hit Edmund.
Edmund is lightly wounded.
Your +0 spectral mace hits Edmund.
Your hound closely misses Edmund.
Edmund hits you with a +5 heavy dire flail.
* * * LOW HITPOINT WARNING * * *
Your cerulean imp closely misses Edmund.
Your hound closely misses Edmund.
You barely miss Edmund. You tail-slap Edmund, but do no damage.
Edmund is lightly wounded.
Your +0 spectral mace hits Edmund.
Your hound bites Edmund but does no damage.
Your cerulean imp hits Edmund but does no damage.
Edmund hits you with a +5 heavy dire flail!!
Ouch! That really hurt!
You die...

.# ############. ####.#
#######.........##. #....#
#####.....#.#######....
#.####
#.........#.##.#.....#.
###.#####
#.........#....#.#.....
#.......#
#.........####.#.#.#.#.
#######.#
#................#.#.#.
#.###....(5..#####.###<#.#.
#.#.'....@@..+...#.#.)..<..
#.#.#.....h..##..#.#.......
#...+........##..#...#####.
###.#......................
#.#.............)....##..
#.####...............##..
#.# #...............##..
#.# #>..................
#.. +....(..###########.


You could see Edmund (ally target), a friendly +0 spectral mace, a friendly
hound (summoned) and a friendly cerulean imp (summoned).

Vanquished Creatures
  Natasha (twice) (D:3)
  An orc wizard (D:4)
  2 adders
  3 worms
  8 orcs
  4 endoplasms
  3 giant cockroaches
  3 hobgoblins
  4 jackals (D:4)
  4 ball pythons
  A bat (D:1)
  A frilled lizard (D:2)
  4 kobolds
  2 rats
42 creatures vanquished.

Vanquished Creatures (collateral kills)
  An ogre (D:4)
  Natasha (D:3)
  5 adders
  A worm (D:3)
  3 orcs
  An endoplasm (D:3)
  5 giant cockroaches
  4 hobgoblins (D:1)
  2 quokkas
  2 ball pythons
  2 bats
  2 frilled lizards (D:1)
  A goblin (D:4)
30 creatures vanquished.

Grand Total: 72 creatures vanquished

Notes
Turn   | Place    | Note
-------+----------+-------------------------------------------
     0 | D:1      | Cheops the Draconian Summoner began the quest for the Orb.
     0 | D:1      | Reached XP level 1. HP: 14/14 MP: 3/3
   130 | D:1      | Upgraded the game from 0.30.1-8-g117510f58f to
                  | 0.30.1-9-gdf580d7c3d
   235 | D:1      | Reached XP level 2. HP: 19/20 MP: 1/5
   723 | D:2      | Learned a level 2 spell: Call Imp
   808 | D:2      | Reached XP level 3. HP: 19/26 MP: 4/7
   812 | D:2      | Learned a level 3 spell: Call Canine Familiar
  1323 | D:2      | Reached skill level 5 in Summonings
  1323 | D:2      | Reached XP level 4. HP: 31/33 MP: 8/8
  1751 | D:3      | Noticed Natasha
  1853 | D:3      | Found a white marble altar of Elyvilon.
  1857 | D:3      | Found an opulent altar of Gozag.
  1996 | D:3      | Killed Natasha
  2148 | D:3      | Found an iron altar of Okawaru.
  2208 | D:3      | Reached XP level 5. HP: 35/38 MP: 9/9
  2236 | D:3      | Noticed Natasha
  2248 | D:3      | Killed Natasha
  2249 | D:3      | Reached skill level 6 in Summonings
  2655 | D:3      | Noticed Natasha
  2660 | D:3      | Killed Natasha
  3003 | D:3      | Found a white marble altar of Elyvilon.
  3006 | D:3      | Found an opulent altar of Gozag.
  3158 | D:3      | Found an iron altar of Okawaru.
  3182 | D:3      | Learned a level 4 spell: Summon Lightning Spire
  3391 | D:4      | Noticed an ogre
  3400 | D:4      | Killed an ogre
  3401 | D:4      | Reached XP level 6. HP: 45/45 MP: 2/10
  3730 | D:4      | Noticed Edmund
  3758 | D:4      | Slain by Edmund

Illustrated notes

Levels and vault maps discovered:
D:1:      lightli_arrival_boilingwater, layout_rooms
D:2:      layout_loops_ring
D:3:      layout_loops_ring, hellmonk_okawaru_the_only_friend_you_need,
          chequers_temple_overflow_statue_of_worship, uniq_natasha
D:4:      layout_basic, serial_shops, nicolae_shop_back_alley_shop,
          minmay_misc_feat_four_crosses, uniq_edmund

Skill      XL: |  1  2  3  4  5 |
---------------+----------------+-----
Spellcasting   | 3 |  3.0
Summonings     | 5 6 |  6.6
Air Magic      | 2 |  2.5
Dodging        | |  1.7
Stealth        | |  1.7

Action                     |  1- 3 |  4- 6 || total
---------------------------+-------+-------++-------
  Melee: Unarmed           |    14 |       ||    14
         Hand axe          |    63 |    49 ||   112
         Tailslap          |    12 |    12 ||    24
         Mace              |       |    45 ||    45
         Punch             |       |     2 ||     2
   Cast: Summon Small Mamm |    23 |       ||    23
         Call Canine Famil |     4 |    16 ||    20
         Call Imp          |     2 |    11 ||    13
    Use: Scroll            |       |     4 ||     4
   Stab: Sleeping          |     1 |       ||     1
 Armour: Skin              |    28 |    27 ||    55
  Dodge: Dodged            |    72 |    60 ||   132
